Map: Nightshade LE

Players

KillJoySC - Winner!

  • Race: Protoss Protoss
  • League: Diamond
  • Spawn Location: 5:00

aikrash

  • Race: Zerg Zerg
  • League: Master
  • Spawn Location: 11:00

VOD

Have the link to the VOD?

Description

Time

  • Played on: May 5, 2020, 6:10 a.m.
  • Length: 13:48
Show
View Real Time Build Order
Export as new Build Order

KillJoySC Protoss - Winner!

Build Orders: Oracle Opening, Carriers 

Get SALT Encoding   

  12  0:01  Probe  
  13  0:13  Probe  
  14  0:19  Pylon  
  14  0:25  Probe  
  15  0:37  Probe (Chrono Boost)  
  15  0:40  Gateway  
  16  0:49  Probe (Chrono Boost), Assimilator  
  17  0:56  Probe (Chrono Boost)  
  18  1:09  Probe  
  19  1:21  Probe  
  20  1:29  Zealot (Chrono Boost), Cybernetics Core  
  22  1:33  Probe  
  22  1:35  Pylon  
  22  1:37  Assimilator  
  23  1:53  Zealot (Chrono Boost), Probe  
  26  2:07  Stargate  
  26  2:09  Probe  
  26  2:14  Warp Gate  
  27  2:23  Probe  
  27  2:24  Adept (Chrono Boost)  
  30  2:37  Gateway  
  30  2:55  Nexus  
  30  3:09  Pylon  
  29  3:24  Oracle (Chrono Boost)  
  29  3:27  Shield Battery  
  29  3:29  Sentry, Shield Battery  
  29  3:30  Pylon  
  34  3:43  Probe  
  35  3:54  Oracle  
  38  3:59  Probe  
  39  4:03  Stalker  
  39  4:04  Stalker  
  43  4:13  Probe (Chrono Boost)  
  43  4:15  Probe (Chrono Boost)  
  47  4:24  Probe (Chrono Boost)  
  47  4:27  Probe (Chrono Boost)  
  47  4:30  Probe (Chrono Boost)  
  47  4:31  Oracle  
  47  4:32  Pylon  
  51  4:45  Probe x2  
  53  4:50  Stargate  
  53  4:51  Assimilator  
  53  4:57  Probe x2  
  55  5:09  Probe x2  
  55  5:10  Pylon  
  57  5:19  Adept  
  59  5:28  Probe x2  
  61  5:33  Assimilator  
  61  5:34  Fleet Beacon  
  61  5:40  Probe  
  62  5:43  Probe  
  63  5:52  Probe  
  63  5:55  Probe  
  65  6:04  Probe  
  65  6:07  Probe  
  67  6:15  Sentry  
  67  6:16  Probe  
  70  6:19  Probe  
  70  6:21  Carrier (Chrono Boost)  
  77  6:28  Probe  
  78  6:45  Pylon  
  78  6:47  Pylon  
  78  6:59  Probe  
  77  7:04  Carrier (Chrono Boost)  
  83  7:08  Adept  
  83  7:10  Probe  
  83  7:11  Probe  
  93  7:23  Pylon  
  93  7:27  Pylon  
  93  7:28  Carrier (Chrono Boost)  
  93  7:30  Pylon  
  93  7:42  Pylon  
  93  7:44  Pylon  
  93  7:46  Adept x2  
  97  7:56  Protoss Air Weapons Level 1  
  97  8:10  Adept x2  
  107  8:14  Carrier (Chrono Boost)  
  107  8:24  Carrier (Chrono Boost)  
  113  8:41  Adept  
  115  8:53  Pylon  
  115  8:54  Pylon x2  
  115  8:58  Stargate  
  115  8:59  Assimilator  
  115  9:01  Assimilator  
  115  9:11  Nexus  
  115  9:14  Shield Battery  
  115  9:16  Probe x2, Shield Battery  
  117  9:20  Carrier x2 (Chrono Boost), Shield Battery  
  123  9:28  Probe x2  
  131  9:34  Twilight Council  
  131  9:37  Forge  
  131  9:39  Stalker  
  131  9:40  Probe, Stalker  
  136  9:50  Carrier (Chrono Boost)  
  136  9:56  Probe x2  
  144  10:08  Probe x2  
  146  10:16  Carrier  
  152  10:22  Probe  
  152  10:23  Probe x2  
  152  10:41  Protoss Shields Level 1, Probe x3  
  147  10:46  Pylon  
  147  10:48  Pylon  
  144  10:53  Probe x2  
  146  11:00  Protoss Air Weapons Level 2 (Chrono Boost)  
  146  11:04  Void Ray x2  
  144  11:05  Probe x2  
  144  11:06  Probe  
  151  11:17  Probe  
  151  11:18  Probe  
  153  11:26  Void Ray, Nexus  
  153  11:28  Pylon  
  157  11:34  Photon Cannon  
  157  11:41  Probe x3  
  160  11:48  Void Ray x2  
  168  12:01  Pylon  
  168  12:03  Photon Cannon  
  168  12:04  Shield Battery  
  168  12:06  Probe x2, Shield Battery  
  168  12:07  Probe  
  168  12:08  Photon Cannon  
  171  12:15  Adept x2  
  175  12:19  Photon Cannon  
  175  12:21  Photon Cannon  
  173  12:36  Adept x2  
  187  13:14  Nexus  
  187  13:19  Pylon  
  187  13:21  Pylon  
Show
View Real Time Build Order
Export as new Build Order

aikrash Zerg 

Build Orders: Hatch First 

Get SALT Encoding   

  12  0:01  Drone  
  13  0:13  Overlord  
  13  0:17  Drone  
  14  0:31  Drone x2  
  16  0:54  Drone  
  17  0:59  Hatchery  
  17  1:08  Drone  
  17  1:11  Hatchery  
  17  1:29  Hatchery  
  17  1:30  Drone  
  17  1:33  Extractor  
  17  1:34  Drone  
  17  1:49  Spawning Pool  
  17  1:53  Drone  
  17  1:57  Drone  
  17  1:59  Drone  
  19  2:05  Drone  
  20  2:17  Overlord  
  20  2:24  Drone  
  20  2:28  Drone  
  22  2:36  Drone  
  23  2:39  Hatchery  
  23  2:41  Metabolic Boost  
  22  2:46  Queen  
  24  2:55  Zergling x6  
  24  2:56  Zergling x2  
  28  3:05  Queen  
  30  3:08  Drone  
  30  3:11  Drone  
  33  3:20  Drone x3  
  35  3:38  Queen, Spore Crawler  
  35  3:40  Spore Crawler, Drone  
  36  3:45  Lair  
  36  3:51  Drone x2  
  36  3:53  Drone  
  39  3:56  Drone  
  39  3:57  Drone  
  39  4:00  Drone  
  42  4:07  Overlord, Evolution Chamber  
  41  4:10  Drone  
  41  4:14  Overlord  
  42  4:29  Overlord x2  
  42  4:32  Queen  
  42  4:33  Zerg Melee Weapons Level 1  
  42  4:36  Overlord  
  42  4:38  Drone x3  
  47  4:39  Drone  
  47  4:41  Drone  
  49  4:46  Drone  
  49  4:47  Overlord  
  49  4:50  Drone  
  48  5:07  Zergling x8  
  48  5:08  Zergling x12  
  48  5:12  Baneling Nest, Drone x2  
  59  5:15  Extractor  
  59  5:16  Extractor  
  57  5:24  Zergling x4  
  57  5:25  Zergling x8  
  57  5:27  Spine Crawler  
  62  5:33  Zergling x10  
  66  5:43  Zergling x2  
  66  5:44  Zergling x2  
  61  5:59  Drone x7  
  61  6:01  Spore Crawler  
  68  6:06  Drone x2  
  68  6:07  Hydralisk Den, Drone x2  
  71  6:15  Baneling x6  
  71  6:16  Baneling x3  
  71  6:24  Spore Crawler  
  71  6:25  Spore Crawler, Drone x5  
  74  6:28  Overlord  
  74  6:29  Overlord  
  74  6:33  Overlord x2  
  69  7:06  Drone x3  
  71  7:09  Zerg Missile Weapons Level 1  
  71  7:10  Grooved Spines  
  71  7:12  Drone x7  
  71  7:13  Drone x4  
  71  7:15  Extractor  
  81  7:16  Extractor  
  81  7:21  Drone x6  
  86  7:23  Centrifical Hooks  
  86  7:27  Hatchery  
  86  7:28  Extractor  
  84  7:45  Queen, Spine Crawler x2  
  84  7:47  Spine Crawler, Drone x2  
  84  7:48  Drone  
  84  7:50  Hydralisk  
  84  7:51  Hydralisk x3  
  90  8:03  Hydralisk x4  
  97  8:06  Hydralisk  
  97  8:10  Baneling  
  97  8:11  Baneling  
  99  8:15  Drone  
  89  8:28  Spire  
  88  8:34  Hydralisk x3  
  88  8:37  Zergling x10  
  88  8:38  Zergling x4  
  88  8:40  Drone  
  102  8:43  Queen  
  102  8:46  Spore Crawler  
  102  8:47  Hydralisk  
  102  8:48  Spore Crawler  
  104  8:49  Spore Crawler, Overlord x3  
  104  8:50  Overlord  
  103  8:58  Extractor, Drone x2  
  103  9:01  Overlord  
  104  9:03  Zerg Melee Weapons Level 2  
  104  9:06  Infestation Pit  
  104  9:07  Overlord  
  103  9:10  Drone x4  
  103  9:11  Drone  
  103  9:12  Drone  
  103  9:14  Drone x2  
  111  9:18  Overseer  
  111  9:24  Hydralisk x3  
  111  9:26  Hydralisk  
  111  9:28  Hydralisk  
  121  9:34  Evolution Chamber  
  121  9:37  Drone x3  
  123  9:38  Extractor  
  123  9:39  Drone x2  
  123  9:40  Drone x2  
  123  9:42  Drone  
  123  9:44  Zerg Flyer Weapons Level 1  
  127  9:49  Hive  
  121  10:13  Corruptor x3  
  121  10:14  Corruptor x4  
  85  10:22  Spore Crawler  
  85  10:24  Corruptor x2  
  74  10:44  Drone x5  
  74  10:45  Drone x7  
  74  10:48  Drone  
  74  10:49  Drone x2  
  87  10:50  Drone  
  78  11:05  Corruptor x3  
  73  11:16  Hatchery  
  72  11:20  Drone x4  
  72  11:21  Drone  
  72  11:22  Drone  
  78  11:26  Drone x3  
  78  11:31  Corruptor  
  83  11:42  Zergling x4  
  83  11:43  Zergling x14  
  92  11:47  Drone x2  
  94  11:55  Spore Crawler, Drone x2  
  95  12:06  Corruptor x2  
  99  12:10  Drone x3  
  99  12:11  Drone x2  
  99  12:12  Drone  
  99  12:13  Drone  
  104  12:24  Zergling x8  
  107  12:40  Zergling x6  
  107  12:41  Zergling x12  
  109  12:53  Zergling x6  
  109  12:54  Zergling x8  
  111  13:00  Baneling x2  
  111  13:02  Baneling x4  
  109  13:08  Baneling  
  109  13:09  Baneling x5  
  108  13:18  Hatchery  
  107  13:24  Hatchery  
  100  13:30  Zergling x2  
  100  13:31  Zergling x12  
Tags
 
Add a new tag
Caveats
  • Supply blocks, unpowered buildings, or Contaminate may cause inaccurate times.
  • Supply counts are checked every 10 seconds.